[Event "Team 45 45 League T49"]
[Site "Internet Chess Club"]
[Date "2011.05.28"]
[Round "3"]
[White "saychess"]
[Black "VietLion"]
[Result "1-0"]
[WhiteElo "2091"]
[BlackElo "1939"]
[Opening "Sicilian"]
[ECO "B50"]
[Time "16:30:20"]
[TimeControl "2700+45"]

1. Nf3 c5 2. e4 d6 3. g3 Nc6 4. Bg2 g6 5. O-O Bg7 6. Nc3 Nh6 7. d3 O-O 8. h3 f5
9. exf5 Nxf5 10. g4 Nfd4 11. Nxd4 Nxd4 12. Ne4 Rb8 13. c3 Nc6 14. a4 e6 15. Bg5
Qc7 16. Qd2 Ne5 17. f4 Nf7 18. Bf6 d5 19. Bxg7 Kxg7 20. Ng3 Bd7 21. Qe3 b5 22.
axb5 Rxb5 23. b4 a5 24. Rxa5 Rxa5 25. bxa5 Qxa5 26. f5 e5 27. Bxd5 Qxc3 28. fxg6
hxg6 29. Qf3 Qd4+ 30. Kh2 Qf4 31. Qxf4 exf4 32. Rxf4 Nd6 33. Rxf8 Kxf8 34. Ne4
Nxe4 35. Bxe4 Kg7 36. g5 Ba4 37. Bd5 Kf8 38. Kg3 Ke7 39. Kf4 Bd7 40. Be4 Bxh3
41. Bxg6 Bf1 42. Ke3 c4 43. d4 Bg2 44. Kd2 Bd5 45. Kc3 Bg8 46. Be4 Kd6 47. Bf3
Bf7 48. Be2 {Black resigns} 1-0

[Event "Team 45 45 League T49"]
[Site "Internet Chess Club"]
[Date "2011.05.30"]
[Round "3"]
[White "Pacini"]
[Black "carokantor"]
[Result "1-0"]
[WhiteElo "2051"]
[BlackElo "1913"]
[Opening "Caro-Kann: advance variation"]
[ECO "B12"]
[Time "12:06:39"]
[TimeControl "2700+45"]

1. e4 c6 2. d4 d5 3. e5 Bf5 4. Nf3 e6 5. Be2 Nd7 6. O-O Ne7 7. Nbd2 h6 8. c4
dxc4 9. Nxc4 Nd5 10. Ne3 Bh7 11. Nxd5 cxd5 12. Qa4 a6 13. Bd2 Be7 14. Ba5 b6 15.
Bb4 O-O 16. Bxe7 Qxe7 17. Rfc1 b5 18. Qa5 Qd8 19. Rc7 Rc8 20. Rac1 Rxc7 21. Rxc7
Nb8 22. Qc3 Bb1 23. a3 Ba2 24. Qc5 Bc4 25. Bd1 a5 26. Qa7 a4 27. Bc2 Qe8 28. Qb7
Qd8 29. Bg6 Qe8 30. Re7 Qc6 31. Bxf7+ Kh8 32. Bxe6 Qxb7 33. Rxb7 Nc6 34. Bd7 Ne7
35. Bxb5 Bxb5 36. Rxb5 Kg8 37. Kf1 Kf7 38. Ke2 g5 39. h3 Rc8 40. Kd2 Rc4 41. Rb4
Rxb4 42. axb4 Ke6 43. b5 Kd7 44. Kc3 Ng6 45. g3 Nf8 46. Kb4 Ne6 47. Ka5 Kc7 48.
Ka6 Kb8 49. Kb6 Kc8 50. Kc6 Nc7 51. b6 Ne6 52. Kxd5 Nd8 53. e6 Nb7 54. Ne5 Kd8
55. Nf7+ Ke7 56. Nxh6 {Black resigns} 1-0

[Event "Team 45 45 League T49"]
[Site "Internet Chess Club"]
[Date "2011.05.30"]
[Round "3"]
[White "billscotty"]
[Black "subterfuge"]
[Result "1-0"]
[WhiteElo "1840"]
[BlackElo "1713"]
[Opening "Caro-Kann: advance variation"]
[ECO "B12"]
[Time "20:00:19"]
[TimeControl "2700+45"]

1. e4 c6 2. d4 d5 3. e5 Bf5 4. Nf3 e6 5. Be2 Be7 6. O-O Nd7 7. Nc3 Qc7 8. Bf4
Nh6 9. Qc1 O-O-O 10. a4 Rdg8 11. a5 Ng4 12. h3 h5 13. hxg4 hxg4 14. Nh2 g5 15.
Bg3 f6 16. exf6 Bd6 17. Bxd6 Qxd6 18. Nxg4 Bxg4 19. g3 Bf5 20. a6 b6 21. f7 Rg7
22. Bd3 Bg4 23. Be2 e5 24. Bxg4 Qh6 25. f8=Q+ Rxf8 26. Kg2 exd4 27. Ne2 Qf6 28.
Qd2 c5 29. c3 Kb8 30. cxd4 c4 31. f4 Qe7 32. fxg5 Rfg8 33. Nc3 Rxg5 34. Qf4+ Kc8
35. Rae1 Qd8 36. Nb5 {Black resigns} 1-0

[Event "Team 45 45 League T49"]
[Site "Internet Chess Club"]
[Date "2011.05.28"]
[Round "3"]
[White "DaveF"]
[Black "andrew32"]
[Result "1-0"]
[WhiteElo "1472"]
[BlackElo "1594"]
[Opening "King's Indian: Makagonov system (5.h3)"]
[ECO "E71"]
[Time "10:00:39"]
[TimeControl "2700+45"]

1. d4 g6 2. c4 Bg7 3. Nc3 Nf6 4. e4 d6 5. h3 e5 6. d5 Na6 7. Nf3 O-O 8. Bg5 h6
9. Be3 Nh5 10. g3 Qe8 11. Be2 f5 12. exf5 gxf5 13. Nh4 c6 14. Bxh5 Qe7 15. Ng6
Qf6 16. Nxf8 Kxf8 17. Qd2 Bd7 18. f4 exf4 19. Bxf4 c5 20. a3 Rb8 21. Rh2 Nc7 22.
Re2 b5 23. Kf2 bxc4 24. Rae1 Kg8 25. Re7 Rd8 26. Rf7 Qd4+ 27. Qxd4 Bxd4+ 28. Kf3
Bxc3 29. bxc3 Nxd5 30. Bxh6 Bc6 31. Rg7+ Kh8 32. Kf2 Nxc3 33. Ree7 Ne4+ 34. Ke3
Nf6 35. Bf3 d5 36. Kd2 c3+ 37. Kc2 d4 38. Bxc6 c4 39. Bg5 d3+ 40. Kxc3 Ne4+ 41.
Bxe4 fxe4 42. Rh7+ Kg8 43. Reg7+ Kf8 44. Bxd8 e3 45. Bf6 e2 46. Rh8# {Black
checkmated} 1-0

[Event "Team 45 45 League T49"]
[Site "Internet Chess Club"]
[Date "2011.05.28"]
[Round "3"]
[White "Juan73"]
[Black "Cadaz"]
[Result "1-0"]
[WhiteElo "1697"]
[BlackElo "1455"]
[Opening "Sicilian: Sozin, Benkö variation"]
[ECO "B57"]
[Time "05:21:48"]
[TimeControl "2700+45"]

1. e4 c5 2. Nf3 d6 3. Nc3 Nc6 4. Bc4 Nf6 5. d4 cxd4 6. Nxd4 Qb6 7. Nxc6 bxc6 8.
Bb3 Ba6 9. Be3 Qa5 10. Qd4 Ng4 11. Bd2 Qb6 12. Ne2 Qxd4 13. Nxd4 Kd7 14. Bxf7
Ne5 15. Be6+ Kc7 16. Ba5+ Kb7 17. f4 Nc4 18. Bc3 Ne3 19. Kd2 Nxg2 20. Bd7 Bb5
21. a4 e5 22. axb5 exd4 23. Bxc6+ Kc8 24. Bxd4 {Black resigns} 1-0

[Event "Team 45 45 League T49"]
[Site "Internet Chess Club"]
[Date "2011.05.26"]
[Round "3"]
[White "mrneale"]
[Black "BrianWood"]
[Result "1/2-1/2"]
[WhiteElo "1395"]
[BlackElo "1494"]
[Opening "English: Carls' Bremen system"]
[ECO "A22"]
[Time "21:00:12"]
[TimeControl "2700+45"]

1. c4 e5 2. Nc3 Nf6 3. g3 Nc6 4. Bg2 Bc5 5. e3 O-O 6. Nge2 d5 7. cxd5 Nb4 8. d4
exd4 9. Nxd4 Bxd4 10. exd4 Re8+ 11. Be3 Nbxd5 12. Nxd5 Nxd5 13. Qf3 Nxe3 14.
fxe3 Qxd4 15. O-O Qxe3+ 16. Qxe3 Rxe3 17. Kf2 Re8 18. Rae1 Rxe1 19. Rxe1 Be6 20.
b3 c6 21. Ke3 a5 22. Re2 Re8 23. Kd4 Bd7 24. Rd2 Be6 25. Kc5 a4 26. bxa4 g6 27.
Kb6 Ra8 28. a5 Ra6+ 29. Kxb7 Rxa5 30. Kxc6 Rxa2 31. Rxa2 Bxa2 32. Kc5 f5 33. Kd4
Kf7 34. Ke5 Be6 35. Bf3 Bc8 36. Bd5+ Kg7 37. Bf3 g5 38. Bh5 Kh6 39. Be8 g4 40.
Kf4 Kg7 {Game drawn by mutual agreement} 1/2-1/2

[Event "Team 45 45 League T49"]
[Site "Internet Chess Club"]
[Date "2011.05.31"]
[Round "3"]
[White "ice-cream"]
[Black "justice02"]
[Result "1-0"]
[WhiteElo "1902"]
[BlackElo "1762"]
[Opening "Caro-Kann: classical, 6.h4"]
[ECO "B19"]
[Time "22:00:50"]
[TimeControl "2700+45"]

1. e4 c6 2. d4 d5 3. Nc3 dxe4 4. Nxe4 Bf5 5. Ng3 Bg6 6. h4 h6 7. Nf3 Nf6 8. h5
Bh7 9. Bd3 Bxd3 10. Qxd3 e6 11. Bd2 Be7 12. O-O-O Nbd7 13. Ne4 Qc7 14. g3 Nxe4
15. Qxe4 Nf6 16. Qe2 O-O-O 17. Bf4 Qa5 18. Qe5 Qxe5 19. Nxe5 Rhf8 20. g4 Nd5 21.
Bg3 Bg5+ 22. Kb1 Bf4 23. Bxf4 Nxf4 24. c3 f6 25. Nd3 Nxd3 26. Rxd3 e5 27. Rhd1
Kc7 28. Kc2 Rd7 29. dxe5 Rxd3 30. Rxd3 fxe5 31. f3 Rf4 32. Re3 Kd6 33. Kd3 a5
34. Ke2 b5 35. Rd3+ Ke7 36. Ke3 b4 37. cxb4 Rxb4 38. b3 a4 39. Rc3 Kd6 40. Kd3
Kd5 41. Rc4 Rb6 42. Rxa4 c5 43. Ra7 g5 44. Rg7 Ra6 45. a4 Rb6 46. Kc3 Rf6 47.
Rd7+ Kc6 48. Rd3 Rf4 49. Re3 Kd5 50. Kd2 Rb4 51. Rd3+ Kc6 52. Ke3 c4 53. Rc3 Kd6
54. Rxc4 Rxb3+ 55. Ke4 Ra3 56. Rb4 Kc6 57. Kxe5 Rxf3 58. a5 Ra3 59. Rb6+ Kc7 60.
Rxh6 Rxa5+ 61. Kf6 Kd7 62. Rg6 Ke8 63. h6 Kf8 64. h7 Ra6+ 65. Kxg5 Kf7 66. Rxa6
{Black resigns} 1-0

[Event "Team 45 45 League T49"]
[Site "Internet Chess Club"]
[Date "2011.05.27"]
[Round "3"]
[White "cepheid"]
[Black "j316chuck"]
[Result "0-1"]
[WhiteElo "1621"]
[BlackElo "1742"]
[Opening "Sicilian: Alapin's variation (2.c3)"]
[ECO "B22"]
[Time "23:02:29"]
[TimeControl "2700+45"]

1. e4 c5 2. c3 Nf6 3. e5 Nd5 4. d4 cxd4 5. cxd4 g6 6. Nf3 Bg7 7. Bc4 Nb6 8. Bb3
d6 9. O-O Bg4 10. h3 Bf5 11. Re1 O-O 12. Bf4 Nc6 13. a3 d5 14. Nc3 Na5 15. Ba2
Rc8 16. Qe2 Nc6 17. Bb1 Bxb1 18. Raxb1 e6 19. Nb5 a6 20. Nd6 Rc7 21. Rbc1 Qd7
22. Qd2 Nc8 23. Nxc8 Rfxc8 24. Bh6 Na7 25. Rxc7 Qxc7 26. Bxg7 Kxg7 27. Qg5 Qd8
28. Qxd8 Rxd8 29. Rc1 Rc8 30. Rxc8 Nxc8 31. Nd2 Nb6 32. b3 f6 33. f4 fxe5 34.
fxe5 Kf7 35. Kf2 Ke7 36. g4 a5 37. a4 Na8 38. Ke3 Nc7 39. Kd3 b5 40. axb5 Nxb5
41. Nb1 Kd7 42. Nc3 Nxc3 43. Kxc3 Kc6 44. Kb2 Kb5 45. g5 Kb4 46. h4 a4 47. bxa4
Kxa4 48. Kc3 Ka3 49. Kc2 Kb4 50. Kd3 Kb3 51. Kd2 Kc4 52. Ke3 Kc3 53. Ke2 Kxd4
{White resigns} 0-1

[Event "Team 45 45 League T49"]
[Site "Internet Chess Club"]
[Date "2011.05.30"]
[Round "3"]
[White "chess-fan"]
[Black "Gilguli"]
[Result "0-1"]
[WhiteElo "1537"]
[BlackElo "1393"]
[Opening "Sicilian: dragon, classical attack"]
[ECO "B72"]
[Time "22:38:20"]
[TimeControl "2700+45"]

1. e4 c5 2. Nf3 d6 3. d4 cxd4 4. Nxd4 Nf6 5. Nc3 g6 6. Be2 Bg7 7. Be3 O-O 8. h4
Bd7 9. h5 Nc6 10. h6 Bh8 11. f4 Rc8 12. f5 Ne5 13. g4 Qb6 14. g5 Ne8 15. Nd5 Qd8
16. Rc1 Nc7 17. c4 Nxd5 18. cxd5 Rxc1 19. Qxc1 Qa5+ 20. Kf2 Qxa2 21. Rd1 Rc8 22.
Qd2 Ba4 23. b3 Bxb3 24. Nxb3 Qxb3 25. Rc1 Rxc1 26. Qxc1 Nd7 27. Qc8+ Nf8 28.
Bxa7 Be5 29. Bb8 Qg3+ 30. Kf1 Qh3+ 31. Ke1 Qh1+ 32. Kf2 Bd4+ 33. Kg3 Qg1+ 34.
Kf4 Be3+ 35. Kf3 Qf2+ 36. Kg4 Qxe2+ 37. Kg3 Qf2+ 38. Kh3 Qf3+ 39. Kh2 Bf4+ 40.
Kg1 Be3+ 41. Kh2 Bf2 42. Qc1 Qg3+ 43. Kh1 Qh3# {White checkmated} 0-1

[Event "Team 45 45 League T49"]
[Site "Internet Chess Club"]
[Date "2011.05.27"]
[Round "3"]
[White "KyleMayhugh"]
[Black "kid6988"]
[Result "0-1"]
[WhiteElo "1370"]
[BlackElo "1596"]
[Opening "Evans gambit"]
[ECO "C52"]
[Time "21:00:34"]
[TimeControl "2700+45"]

1. e4 e5 2. Nf3 Nc6 3. Bc4 Bc5 4. b4 Bxb4 5. c3 Ba5 6. O-O Nf6 7. d4 d6 8. Bg5
Bg4 9. Qb3 O-O 10. d5 Ne7 11. Bxf6 gxf6 12. Qxb7 Bb6 13. Qa6 Bxf3 14. gxf3 Rb8
15. Qa3 Qd7 16. Qc1 Qh3 17. Kh1 Qxf3+ 18. Kg1 Kh8 {White resigns} 0-1

[Event "Team 45 45 League T49"]
[Site "Internet Chess Club"]
[Date "2011.05.30"]
[Round "3"]
[White "pestka"]
[Black "DTK"]
[Result "1-0"]
[WhiteElo "2356"]
[BlackElo "2213"]
[Opening "QGD Slav: 4.e3 Bf5"]
[ECO "D12"]
[Time "15:09:56"]
[TimeControl "2700+45"]

1. Nf3 d5 2. d4 c6 3. c4 Nf6 4. e3 Bf5 5. Nc3 e6 6. Nh4 Bg6 7. Be2 Nbd7 8. O-O
Be7 9. g3 O-O 10. Nxg6 hxg6 11. b3 a6 12. Bb2 b5 13. Qc2 Nb6 14. c5 Nbd7 15. b4
a5 16. bxa5 Qxa5 17. a4 b4 18. Nb1 Ne4 19. f3 Ng5 20. Nd2 Qc7 21. f4 Nh7 22. Nb3
Nhf6 23. Bd3 Ng4 24. Qe2 f5 25. Kg2 Kf7 26. a5 Rh8 27. Rh1 Rh5 28. a6 Ngf6 29.
Ra4 Rb8 30. Qe1 Ne4 31. Rxb4 g5 32. Na5 Rhh8 33. Rb7 Rxb7 34. Nxb7 gxf4 35. exf4
Ndf6 36. Qa5 Qc8 37. h3 g5 38. Bc1 g4 39. h4 Nh5 40. Bxe4 dxe4 41. Nd6+ Bxd6 42.
cxd6 Nf6 43. Ba3 Nd5 44. Rb1 Qa8 45. Bc5 Kf6 46. a7 e3 47. d7 {Black resigns}
1-0

[Event "Team 45 45 League T49"]
[Site "Internet Chess Club"]
[Date "2011.05.31"]
[Round "3"]
[White "Beddathanme"]
[Black "eurander"]
[Result "1/2-1/2"]
[WhiteElo "1811"]
[BlackElo "2103"]
[Opening "Caro-Kann: Rasa-Studier gambit"]
[ECO "B15"]
[Time "09:00:09"]
[TimeControl "2700+45"]

1. e4 c6 2. d4 d5 3. Nc3 dxe4 4. f3 e5 5. Be3 Bb4 6. a3 Ba5 7. dxe5 Qxd1+ 8.
Rxd1 exf3 9. Nxf3 Ne7 10. Bc4 Bg4 11. O-O Bxc3 12. bxc3 Nd7 13. Bd4 Nb6 14. Bb3
Nbd5 15. h3 Bh5 16. g4 Bg6 17. Nh4 O-O 18. Nf5 Nxf5 19. gxf5 Bh5 20. Rde1 b6 21.
c4 Nc7 22. c5 b5 23. e6 fxe6 24. fxe6 Rxf1+ 25. Rxf1 Re8 26. e7+ Nd5 27. Bxd5+
cxd5 28. Rf5 Bg6 29. Rxd5 Rxe7 30. c6 Be8 31. Rxb5 Bxc6 32. Ra5 {Game drawn by
mutual agreement} 1/2-1/2

[Event "Team 45 45 League T49"]
[Site "Internet Chess Club"]
[Date "2011.05.29"]
[Round "3"]
[White "mitus"]
[Black "bgolev"]
[Result "1/2-1/2"]
[WhiteElo "1816"]
[BlackElo "1800"]
[Opening "Ruy Lopez: closed"]
[ECO "C90"]
[Time "14:31:49"]
[TimeControl "2700+45"]

1. e4 e5 2. Nf3 Nc6 3. Bb5 a6 4. Ba4 Nf6 5. O-O Be7 6. Re1 b5 7. Bb3 d6 8. c3
Na5 9. Bc2 c5 10. d4 Qc7 11. d5 O-O 12. Nbd2 Ne8 13. Nf1 f5 14. exf5 Bxf5 15.
Bxf5 Rxf5 16. Ng3 Rf7 17. Bg5 Nc4 18. b3 Nb6 19. Bxe7 Qxe7 20. Qd3 c4 21. bxc4
Nxc4 22. Nf5 Qf6 23. Ne3 Rc8 24. Nxc4 Rxc4 25. Re4 Rfc7 26. Rxc4 Rxc4 27. Nd2
Ra4 28. Ne4 Qg6 29. f3 Nf6 30. Nxf6+ gxf6 31. Qd2 Kg7 32. Re1 f5 33. Rb1 f4 34.
Rb4 Rxb4 35. cxb4 Qb1+ 36. Kf2 Kf6 37. a3 h5 38. h3 Kg5 39. Ke2 Kh4 40. Qe1+
Qxe1+ 41. Kxe1 Kg3 42. Kf1 Kh2 43. Kf2 h4 44. Kf1 Kh1 {Game drawn by mutual
agreement} 1/2-1/2

[Event "Team 45 45 League T49"]
[Site "Internet Chess Club"]
[Date "2011.05.28"]
[Round "3"]
[White "room-matt"]
[Black "MarkNY"]
[Result "1/2-1/2"]
[WhiteElo "1661"]
[BlackElo "1667"]
[Opening "Richter-Veresov attack"]
[ECO "D01"]
[Time "05:03:34"]
[TimeControl "2700+45"]

1. d4 Nf6 2. Nc3 d5 3. Bg5 Nbd7 4. Nf3 g6 5. e3 Bg7 6. Bd3 O-O 7. O-O c5 8. Qd2
c4 9. Be2 a6 10. a4 Qb6 11. Rfb1 e6 12. b4 Qd6 13. Bf4 Qe7 14. Ne5 Ne8 15. Nxd7
Bxd7 16. e4 Bc6 17. e5 Nc7 18. Bf3 f6 19. exf6 Qxf6 20. Bxc7 Qxd4 21. Qxd4 Bxd4
22. Ra3 Rf7 23. Bg3 Raf8 24. Ne2 Bg7 25. b5 axb5 26. axb5 Bd7 27. b6 Bc6 28. Rd1
Re8 29. Nf4 g5 30. Nh5 Bf8 31. Be5 Bxa3 32. Nf6+ Rxf6 33. Bxf6 h6 34. h4 gxh4
35. Bxh4 Bc5 36. Bh5 Ra8 37. Re1 Bxb6 38. Rxe6 Ra1+ 39. Kh2 Bc7+ 40. Bg3 Bxg3+
41. Kxg3 Ra3+ 42. Kf4 Kg7 43. Rg6+ Kh7 44. Re6 Ra2 45. Bg6+ Kg7 46. Bf5 Ra8 47.
Re7+ Kf6 48. Re6+ Kg7 49. Rg6+ Kf7 50. Rxh6 d4 51. Be4 Rf8 52. Bxc6 Kg7+ 53. Kg5
bxc6 54. Rxc6 Rxf2 {Game drawn by mutual agreement} 1/2-1/2

[Event "Team 45 45 League T49"]
[Site "Internet Chess Club"]
[Date "2011.05.28"]
[Round "3"]
[White "Stryker672"]
[Black "Chatica"]
[Result "0-1"]
[WhiteElo "1957"]
[BlackElo "2174"]
[Opening "Alekhine's defense: four pawns attack"]
[ECO "B02"]
[Time "23:06:08"]
[TimeControl "2700+45"]

1. e4 Nf6 2. e5 Nd5 3. c4 Nb6 4. d4 d6 5. f4 dxe5 6. fxe5 c5 7. Nf3 Bg4 8. d5
N8d7 9. Bf4 g5 10. Bxg5 Nxe5 11. Nbd2 Qd6 12. Be3 Nxf3+ 13. Nxf3 e6 14. Qe2
O-O-O 15. O-O-O exd5 16. cxd5 Re8 17. Kb1 Qg6+ 18. Ka1 Bh6 19. Rd3 Nc4 20. Qc2
Nxe3 21. Qxc5+ Kb8 22. Be2 Rc8 23. Qe7 Nc2+ 24. Kb1 Rhe8 25. Qh4 Rxe2 26. Qg3+
Ka8 {White resigns} 0-1

[Event "Team 45 45 League T49"]
[Site "Internet Chess Club"]
[Date "2011.05.29"]
[Round "3"]
[White "Gregorio"]
[Black "PandorasBox"]
[Result "1/2-1/2"]
[WhiteElo "2029"]
[BlackElo "1948"]
[Opening "English opening"]
[ECO "A13"]
[Time "18:06:00"]
[TimeControl "2700+45"]

1. c4 e6 2. g3 Nf6 3. Bg2 c6 4. Nf3 d5 5. Qc2 Be7 6. O-O O-O 7. b3 Nbd7 8. Bb2
b6 9. e4 Nxe4 10. Nd4 Bb7 11. Bxe4 dxe4 12. Qxe4 Nc5 13. Qe3 Bg5 14. f4 Bf6 15.
Na3 Re8 16. Nac2 e5 17. fxe5 Bxe5 18. Qf3 f6 19. Rae1 Qd7 20. Ba1 Rad8 21. b4
Na6 22. Qf5 Qxf5 23. Nxf5 Rxd2 24. Rf2 Rxf2 {Game drawn by mutual agreement}
1/2-1/2

[Event "Team 45 45 League T49"]
[Site "Internet Chess Club"]
[Date "2011.05.28"]
[Round "3"]
[White "zachi"]
[Black "alexping"]
[Result "1/2-1/2"]
[WhiteElo "1915"]
[BlackElo "1902"]
[Opening "French defense, Steiner variation"]
[ECO "C00"]
[Time "11:31:58"]
[TimeControl "2700+45"]

1. e4 e6 2. c4 d5 3. exd5 exd5 4. d4 Nc6 5. Nf3 Bg4 6. Nc3 Bxf3 7. Qxf3 Nxd4 8.
Qe3+ Qe7 9. Qxe7+ Bxe7 10. Nxd5 O-O-O 11. Bd3 c6 12. Nxe7+ Nxe7 13. O-O Nf3+ 14.
gxf3 Rxd3 15. Be3 b6 16. b3 Nf5 17. Rfe1 Nh4 18. Re2 Rhd8 19. Kf1 Rd1+ 20. Re1
Rxa1 21. Rxa1 Nxf3 22. Kg2 Nd4 23. Rg1 g6 24. Kh3 Nf5 25. Bg5 Rd3+ 26. Kg4 Rd4+
27. Kf3 Kd7 28. Re1 h6 29. Bf4 Nh4+ 30. Kg3 Ng2 31. Be5 Nxe1 32. Bxd4 Nd3 33.
Be3 h5 34. h3 Nb4 35. a4 Nc2 36. Bd2 a6 37. Kf4 Ke6 38. Ke4 a5 39. Kd3 Nb4+ 40.
Bxb4 axb4 41. c5 Kd7 42. cxb6 c5 43. a5 Kc6 {Game drawn by mutual agreement}
1/2-1/2

[Event "Team 45 45 League T49"]
[Site "Internet Chess Club"]
[Date "2011.05.30"]
[Round "3"]
[White "zbence"]
[Black "Holzschlange"]
[Result "0-1"]
[WhiteElo "1823"]
[BlackElo "1854"]
[Opening "Evans gambit"]
[ECO "C52"]
[Time "22:00:51"]
[TimeControl "2700+45"]

1. e4 e5 2. Nf3 Nc6 3. Bc4 Bc5 4. b4 Bxb4 5. c3 Ba5 6. d4 exd4 7. O-O Nge7 8.
cxd4 d5 9. exd5 Nxd5 10. Qb3 Be6 11. Ng5 O-O 12. Qd3 g6 13. Nxe6 fxe6 14. Bh6
Rf7 15. Qe4 Qf6 16. Nd2 Bxd2 17. Bxd2 Qxd4 18. Qxd4 Nxd4 19. Rad1 b5 20. Bd3 a6
21. Be4 c5 22. Rfe1 Rc8 23. Bh6 Nc3 24. Rd2 Nxe4 25. Rxe4 Nf5 26. Bf4 c4 27.
Rde2 c3 28. Bc1 Rd7 29. Re1 Rcd8 30. Rxe6 Rd1 31. Bg5 Rxe1+ 32. Rxe1 Rd5 33. Kf1
Ng3+ 34. hxg3 Rxg5 35. a3 Rc5 36. Rc1 a5 37. Ke2 b4 38. axb4 axb4 39. Kd3 Kf7
40. Kc2 Ke6 41. Rd1 Rd5 42. Re1+ Kd6 43. Kb3 Kc5 44. Re4 Rd2 45. Rc4+ Kd5 46.
Rxb4 c2 47. Rc4 Rd3+ 48. Kb4 Rd2 49. Kb3 Rxf2 50. Rxc2 Rxc2 51. Kxc2 Ke4 52. Kd2
Kf5 53. Ke3 Kg4 54. Kf2 g5 55. Kg1 Kxg3 56. Kh1 Kf2 57. Kh2 g4 58. Kh1 h6 59.
Kh2 h5 60. Kh1 h4 61. Kh2 Kf1 62. Kh1 h3 63. gxh3 g3 {White resigns} 0-1

[Event "Team 45 45 League T49"]
[Site "Internet Chess Club"]
[Date "2011.05.27"]
[Round "3"]
[White "Tjet"]
[Black "Zyme"]
[Result "0-1"]
[WhiteElo "1491"]
[BlackElo "1387"]
[Opening "English, 1...Nf6 (Anglo-Indian defense)"]
[ECO "A15"]
[Time "19:00:07"]
[TimeControl "2700+45"]

1. c4 Nf6 2. g3 e5 3. Bg2 c6 4. e4 d5 5. cxd5 cxd5 6. exd5 Nxd5 7. Qb3 Be6 8.
Qxb7 Nb6 9. Qe4 f6 10. Nc3 N8d7 11. Qc2 Rc8 12. Nge2 Bb4 13. a3 Bd6 14. O-O O-O
15. Qd1 Qe7 16. d4 Rfd8 17. dxe5 Nxe5 18. Qc2 Bb8 19. Nf4 Bf7 20. Rd1 Ned7 21.
Be3 Nc4 22. Bd4 Bxf4 23. gxf4 Bg6 24. f5 Bh5 25. Re1 Qf8 26. Bd5+ Kh8 27. Bxc4
Rxc4 28. Qe4 Nc5 29. Qh4 Bf7 30. Rad1 Nb3 31. Re4 Qd6 32. Ne2 Ra4 33. Nf4 Nxd4
34. Rexd4 Rxd4 35. Ng6+ Kg8 36. Rxd4 Qxd4 37. Ne7+ Kf8 38. Qxh7 Qd1+ 39. Kg2
Qg4+ {White resigns} 0-1

[Event "Team 45 45 League T49"]
[Site "Internet Chess Club"]
[Date "2011.05.29"]
[Round "3"]
[White "Esslinger"]
[Black "JohLeb"]
[Result "1-0"]
[WhiteElo "1405"]
[BlackElo "1476"]
[Opening "QGD Slav defense"]
[ECO "D10"]
[Time "15:04:07"]
[TimeControl "2700+45"]

1. d4 d5 2. c4 c6 3. Nc3 Nf6 4. Bg5 Bf5 5. Nf3 Nbd7 6. e3 e6 7. Be2 Be7 8. O-O
h6 9. Bh4 O-O 10. Re1 Qc7 11. Bg3 Bd6 12. Bxd6 Qxd6 13. c5 Qc7 14. Bd3 Rae8 15.
Bxf5 exf5 16. Qc2 Ne4 17. Rab1 Qd8 18. b4 Re6 19. b5 Rg6 20. bxc6 bxc6 21. Rb7
Re8 22. Rxa7 Rge6 23. Rb1 Nxc3 24. Qxc3 Nf6 25. Rbb7 R6e7 26. Qb3 Rxb7 27. Qxb7
Rf8 28. Ne5 Qe8 29. Ng6 {Black resigns} 1-0

[Event "Team 45 45 League T49"]
[Site "Internet Chess Club"]
[Date "2011.05.27"]
[Round "3"]
[White "otib2006"]
[Black "AlPearson"]
[Result "1-0"]
[WhiteElo "1204"]
[BlackElo "1394"]
[Opening "Caro-Kann: Hillbilly attack"]
[ECO "B10"]
[Time "08:10:18"]
[TimeControl "2700+45"]

1. e4 c6 2. Bc4 d5 3. exd5 cxd5 4. Bb3 Nf6 5. Nf3 Bg4 6. O-O e6 7. Nc3 Bd6 8. d4
Nc6 9. Qd3 O-O 10. Bg5 h6 11. Bh4 a6 12. Rfe1 b5 13. Ne5 Bf5 14. Qd1 Na5 15.
Bxf6 gxf6 16. Ng4 h5 17. Nh6+ Kg7 18. Nxf5+ exf5 19. Qxh5 Rh8 20. Qxf5 Nxb3 21.
axb3 Bxh2+ 22. Kf1 Bd6 23. Qg4+ Kf8 24. Ke2 Rg8 25. Qf3 Qb6 26. Kd3 b4 27. Qxd5
bxc3 28. Qxa8+ Kg7 29. Qd5 cxb2 30. Rab1 Rd8 31. Qc4 Bc5 32. Re4 Kg6 33. Rg4+
Kf5 34. Rh4 Kg5 35. g3 f5 36. f4+ Kg6 37. c3 Be7 38. Rh2 Bf6 39. Rhxb2 Rd7 40.
Qc5 Qe6 41. Qc4 Qe4+ 42. Kd2 Qg2+ 43. Qe2 Qxg3 44. Rf1 Bxd4 45. cxd4 Rxd4+ 46.
Kc2 Rd8 47. Rbb1 Rc8+ 48. Kd1 Rd8+ 49. Kc2 Rc8+ 50. Kb2 Qc3+ 51. Ka2 Qa5+ 52.
Kb2 Qc3+ 53. Ka3 Qc5+ 54. b4 Qf8 55. Rg1+ Kf6 56. Qxa6+ Ke7 57. Rge1+ Kd7 58.
Qa7+ Rc7 59. Red1+ Kc6 60. Rbc1+ Kb5 61. Qa5# {Black checkmated} 1-0

[Event "Team 45 45 League T49"]
[Site "Internet Chess Club"]
[Date "2011.05.28"]
[Round "3"]
[White "AtomicDog"]
[Black "dpmdpm"]
[Result "1-0"]
[WhiteElo "1425"]
[BlackElo "1562"]
[Opening "Sicilian: Najdorf"]
[ECO "B90"]
[Time "09:00:36"]
[TimeControl "2700+45"]

1. e4 c5 2. Nf3 d6 3. d4 cxd4 4. Nxd4 Nf6 5. Nc3 a6 6. f3 e5 7. Nb3 Be7 8. Be3
O-O 9. Qd2 Be6 10. O-O-O b5 11. g4 Nc6 12. g5 Nd7 13. Nd5 Bxd5 14. exd5 Na7 15.
g6 hxg6 16. Kb1 Nc8 17. h4 Nf6 18. Na5 Nb6 19. Nc6 Qc7 20. Nxe7+ {Black resigns}
1-0

[Event "Team 45 45 League T49"]
[Site "Internet Chess Club"]
[Date "2011.05.26"]
[Round "3"]
[White "makramkozman"]
[Black "papricka205"]
[Result "1-0"]
[WhiteElo "1581"]
[BlackElo "1454"]
[Opening "English opening"]
[ECO "A20"]
[Time "20:00:55"]
[TimeControl "2700+45"]

1. c4 e5 2. g3 Nf6 3. Bg2 d5 4. Qa4+ Bd7 5. Qb3 Bc6 6. Nf3 Bd6 7. O-O e4 8. Nd4
dxc4 9. Qxc4 Bd5 10. Qa4+ Nc6 11. Nc3 Be5 12. Nf5 O-O 13. Nxe4 Nxe4 14. Bxe4 Be6
15. Ne3 Nd4 16. Re1 c6 17. Nc2 Qf6 18. Nxd4 Bxd4 19. e3 Bb6 20. Qc2 h6 21. a4 a5
22. d3 Rfe8 23. Bd2 Bh3 24. Bc3 Qg5 25. Qb3 Qh5 26. Bg2 Bxg2 27. Kxg2 Qd5+ 28.
Qxd5 cxd5 29. Bd4 Bxd4 30. exd4 Rxe1 31. Rxe1 Rc8 32. Re7 b6 33. Rd7 Rc2 34.
Rxd5 Rxb2 35. Rd8+ Kh7 36. Kf3 Rb4 37. d5 Rxa4 38. d6 Kg6 39. Ke3 Kf6 40. Re8
Ra1 41. d7 Re1+ 42. Kd2 {Black resigns} 1-0

[Event "Team 45 45 League T49"]
[Site "Internet Chess Club"]
[Date "2011.05.28"]
[Round "3"]
[White "ausya"]
[Black "Zugzwanged"]
[Result "0-1"]
[WhiteElo "1425"]
[BlackElo "1600"]
[Opening "Four knights: symmetrical, Metger unpin"]
[ECO "C49"]
[Time "16:00:26"]
[TimeControl "2700+45"]

1. e4 e5 2. Nf3 Nf6 3. Nc3 Nc6 4. Bb5 Bb4 5. O-O O-O 6. d3 d6 7. Bg5 Bxc3 8.
bxc3 Qe7 9. Re1 Nd8 10. d4 Ne6 11. dxe5 dxe5 12. Bxf6 Qxf6 13. Bc4 Nf4 14. Qd2
Bg4 15. Qe3 Nh3+ 16. Kf1 Bxf3 17. Qxf3 Qxf3 18. gxf3 Nf4 19. Red1 Rfd8 20. Rab1
b6 21. Bb5 Kf8 22. Bc6 Rab8 23. Ke1 Ke7 24. Rb3 Rxd1+ 25. Kxd1 Rd8+ 26. Ke1 Rd6
27. Bb7 Rh6 28. Ra3 a5 29. Ra4 Rxh2 30. Bc8 Rh1+ 31. Kd2 h5 32. Rc4 c5 33. Ra4
h4 34. Ra3 Kd8 35. Bg4 h3 36. Bxh3 Rxh3 37. Ke3 Rh1 38. Rb3 Kc7 39. c4 Re1+ 40.
Kd2 Re2+ 41. Kc1 Rxf2 42. Kb2 Ne6 43. Rd3 Nd4 44. Rc3 Rxf3 45. Rxf3 Nxf3 46. Kc1
Ng5 47. Kd2 Nxe4+ 48. Ke3 Nd6 49. Kf3 f5 {White resigns} 0-1